 Dungeon Crawl Stone Soup version 0.20-a0-830-g2c9a30d (webtiles) character file.

17 M4edhros the Grave Robber (level 2, 0/17 HPs)
             Began as an Octopode Necromancer on Mar 7, 2017.
             Slain by a hobgoblin (3 damage)
             ... on level 2 of the Dungeon.
             The game lasted 00:00:45 (162 turns).

M4edhros the Grave Robber (Octopode Necromancer)     Turns: 162, Time: 00:00:46

Health: 0/17       AC:  2    Str:  7    XL:     2   Next: 62%
Magic:  0/5        EV: 13    Int: 15    God:
Gold:   10         SH:  0    Dex: 12    Spells: 4/5 levels left

rFire    . . .     SeeInvis .     - Unarmed
rCold    + . .     Gourm    .   (no shield)
rNeg     . . .     Faith    .   (helmet restricted)
rPois    .         Spirit   .   (no amulet)
rElec    .         Reflect  .   (no ring)
rCorr    .         Harm     .   (no ring)
MR       .....     Rnd*Rage +   (no ring)
Stlth    +++.......             (no ring)
Regen    0.1/turn               (no ring)
MPRegen  0.1/turn               (no ring)
                                (no ring)
                                (no ring)

@: lethally poisoned (0 -> -7)
A: almost no armour, stealthy swim, amphibious, 8 rings, constrict 8, camouflage
1, berserk 1, cold resistance 1, dopey 1, shaggy fur 1, gelatinous body 1
a: no special abilities


You were on level 2 of the Dungeon.
You were not hungry.

You visited 1 branch of the dungeon, and saw 3 of its levels.

You collected 10 gold pieces.

Inventory:

Scrolls
 c - a scroll of enchant weapon {unknown}
 f - a scroll of identify {unknown}
Potions
 d - a potion of heal wounds
Books
 a - a book of Necromancy

   Spells                             Type                      Level
   a - Pain                           Necromancy                   1
   b - Animate Skeleton               Necromancy                   1
   c - Vampiric Draining              Necromancy                   3
   d - Regeneration                   Charms/Necromancy            3
   e - Animate Dead                   Necromancy                   4
   f - Control Undead                 Necromancy                   4
Comestibles
 b - a bread ration


   Skills:
 - Level 2.0 Dodging
 - Level 2.6 Stealth
 + Level 2.2 Unarmed Combat
 - Level 2.0 Spellcasting
 - Level 4.0 Necromancy


You had 4 spell levels left.
You knew the following spells:

 Your Spells              Type           Power        Failure   Level  Hunger
a - Pain                  Necr           ##..         4%          1    #......


Dungeon Overview and Level Annotations

Branches:
Dungeon (3/15)

Altars:
Hepliaklqana


Innate Abilities, Weirdness & Mutations

You cannot wear most types of armour.
You are very stealthy in the water. (Stealth+)
You are amphibious.
You can wear up to eight rings at the same time.
You can use your tentacles to constrict eight enemies at once.
Your skin changes colour to match your surroundings (Stealth+).
Your rubbery body absorbs attacks. (AC +1, EV +1)
You tend to lose your temper in combat.
Your flesh is cold resistant. (rC+)
You are dopey. (Int -2)
You are covered in fur. (AC +1)


Message History

The adder poisons you!
Unknown command.
Casting: Pain
Confirm with . or Enter, or press ? or * to list all spells.
Aiming: Pain
Press: ? - help, Shift-Dir - straight line, f - hobgoblin
Aim: a hobgoblin (chance to defeat MR: 83%)
The hobgoblin writhes in agony!
You constrict the adder.
* * * LOW HITPOINT WARNING * * *
You feel sick. The hobgoblin closely misses you. The adder misses you.
Casting: Pain
Confirm with . or Enter, or press ? or * to list all spells.
Aiming: Pain
Press: ? - help, Shift-Dir - straight line, f/p - hobgoblin
Aim: a hobgoblin (moderately wounded, chance to defeat MR: 83%)
The adder writhes in agony!
You kill the adder!
Your Unarmed Combat skill increases to level 2!
The hobgoblin hits you.
You die...

#.######.# ##.##
#########†..#
#...........#
#.######....#### #.#
#.........# #.#
#...........
#.####.####.........##
#......g@...##...####
######.####.##...# #.#
#. #...# #(# #. ##.##
##.# .# #####..#
#.....## #.###.# #.#
#####


You could see a hobgoblin.

Vanquished Creatures
  An adder (D:2)
  An ooze (D:2)
  A hobgoblin (D:1)
  A ball python (D:2)
  A rat (D:1)
5 creatures vanquished.

Notes
Turn   | Place    | Note
-------+----------+-------------------------------------------
     0 | D:1      | M4edhros the Octopode Necromancer began the quest for the Orb.
     0 | D:1      | Reached XP level 1. HP: 11/11 MP: 3/3
   128 | D:2      | Found a hazy altar of Hepliaklqana.
   134 | D:2      | Reached skill level 1 in Unarmed Combat
   134 | D:2      | Reached XP level 2. HP: 10/17 MP: 0/5
   154 | D:3      | Gained mutation: Your flesh is cold resistant. (rC+) [potion of mutation]
   154 | D:3      | Gained mutation: You are dopey. (Int -2) [potion of mutation]
   154 | D:3      | Gained mutation: You tend to lose your temper in combat. [potion of mutation]
   154 | D:3      | Gained mutation: You are covered in fur. (AC +1) [potion of mutation]
   162 | D:2      | Slain by a hobgoblin

Vault maps used:
D:1:      minmay_arrival_four_loops
D:2:      nicolae_overflow_hidden_temple, lemuel_round_altar,
          chequers_ecumenical_altar_simple, uniq_iyjb
D:3:      first_bread, grunt_decor_one_mirror, kennysheep_generic_room_9

Skill      XL: |  1  2 |
---------------+-------+-----
Unarmed Combat | 1 2 |  2.2
Dodging        | |  2.0
Stealth        | |  2.6
Spellcasting   | |  2.0
Necromancy     | |  4.0

Action                   || total
-------------------------++-------
Melee: Unarmed           ||     4
       Constrict         ||     1
       Tentacles         ||     1
 Cast: Pain              ||    10
  Use: Potion            ||     2
 Stab: Sleeping          ||     1
Dodge: Dodged            ||    10
